 Dungeon Crawl Stone Soup version bcrawl-1.39.1 (webtiles) character file.

Game seed: 478258865966447719

142919 Finalfun the Grave Robber (level 3, -4/27 HPs)
             Began as a Demonspawn Necromancer on Sept 26, 2023.
             Slain by a bullfrog skeleton (7 damage)
             ... on level 2 of the Dungeon.
             The game lasted 00:05:05 (936 turns).

Finalfun the Grave Robber (Demonspawn Necromancer)   Turns: 936, Time: 00:05:06

Health: -4/27      AC:  2    Str:  8    XL:     3   Next: 48%
Magic:  5/6        EV: 12    Int: 17    God:
Gold:   68         SH:  0    Dex: 13    Spells: 2/6 levels left

rFire    . . .     GDR:     25% a - +0 dagger (pain)
rCold    . . .     SeeInvis .   (no shield)
rNeg     . . .     Gourm    .   q - +0 robe
rPois    .         Faith    .   (no helmet)
rElec    .         Spirit   .   (no cloak)
rCorr    .         Reflect  .   (no gloves)
MR       .....                  (no boots)
Stlth    ++........             (no amulet)
HPRegen  0.14/turn              (no ring)
MPRegen  0.10/turn              (no ring)

@: no status effects
A: spiny 1
a: no special abilities


You were on level 2 of the Dungeon.
You were not hungry.

You visited 1 branch of the dungeon, and saw 2 of its levels.

You collected 68 gold pieces.

Inventory:

Hand Weapons
 a - a +0 dagger of pain (weapon)
 b - a +0 blowgun
 d - a +2 whip of electrocution
Missiles
 m - 476 stones (quivered)
 r - 46 poisoned needles
Armour
 q - a +0 robe (worn)
Scrolls
 c - 3 scrolls of immolation
 f - 2 scrolls of teleportation
 h - a scroll of remove curse
 i - a scroll of identify
 l - a scroll of amnesia {unknown}
 p - a scroll of enchant weapon {unknown}
Potions
 g - 3 potions of heal wounds {unknown}
 j - a potion of lignification {unknown}
 k - a potion of curing {unknown}
 n - a potion of agility {unknown}
 o - a potion of degeneration {unknown}
Comestibles
 e - 8 rations {!d}


   Skills:
 + Level 2.2 Fighting
 - Level 2.0 Dodging
 - Level 2.0 Stealth
 - Level 2.0 Spellcasting
 - Level 5.0 Necromancy


You had 2 spell levels left.
You knew the following spells:

 Your Spells              Type           Power        Failure   Level  Hunger
a - Necrotize             Necr           ###...       2%          1    None
b - Vampiric Draining     Necr           ###.......   8%          3    ####...

Your spell library contained the following spells:

 Spells                   Type           Power        Failure   Level  Hunger
 Agony                    Necr           ###.....     24%         4    ######.
 Animate Dead             Necr           N/A          24%         4    ######.
 Dispel Undead            Necr           ###.....     56%         5    #######


Dungeon Overview and Level Annotations

Branches:
Dungeon (2/12)

Altars:


Innate Abilities, Weirdness & Mutations

You are partially covered in sharp spines.


Message History

Your orc zombie barely misses the bullfrog skeleton.
The bullfrog skeleton hits your orc zombie!
Your orc zombie is destroyed!
Casting: Necrotize (safe; 2% risk of failure)
Confirm with . or Enter, or press ? or * to list all spells.
Okay, then.
You hit the bullfrog skeleton.
The bullfrog skeleton is severely damaged.
The bullfrog skeleton barely misses you.
You hit the bullfrog skeleton but do no damage.
The bullfrog skeleton is severely damaged.
The bullfrog skeleton hits you but does no damage.
The bullfrog skeleton is struck by your spines.
The bullfrog skeleton hits you!
* * * LOW HITPOINT WARNING * * *
The bullfrog skeleton barely misses you.
Okay, then.
The bullfrog skeleton is struck by your spines.
The bullfrog skeleton hits you!
You die...

#......(..####.#.#
#.....##.. #.#.#
###... #..####.#.#.#
#...##..#........#
...........#.###
.............#
#.##..#.######
#.##..#.##
#.....@..#
####..#Z.## #######
#.......##.. ...####
#..#....#.###....(..
#..#......#)......#.
#...................
#.####.#..#.)(....#
#. #...#.###.......
#..............?....


You could see a bullfrog skeleton.

Vanquished Creatures
  2 dart slugs (D:1)
  4 leopard geckos (D:1)
  An orc (D:2)
  5 bats (D:1)
  5 goblins
  4 hobgoblins (D:1)
  3 jackals (D:1)
  5 kobolds
29 creatures vanquished.

Vanquished Creatures (collateral kills)
  A bat (D:1)
  A jackal (D:1)
  A kobold (D:1)
  A rat (D:1)
4 creatures vanquished.

Grand Total: 33 creatures vanquished

Notes
Turn   | Place    | Note
-------+----------+-------------------------------------------
     0 | D:1      | Finalfun the Demonspawn Necromancer began the quest for the
                  | Orb.
     0 | D:1      | Reached XP level 1. HP: 13/13 MP: 3/3
    97 | D:1      | Gained mutation: You are partially covered in sharp spines.
                  | [demonic ancestry]
    97 | D:1      | Reached XP level 2. HP: 18/19 MP: 3/5
   162 | D:1      | Reached skill level 5 in Necromancy
   258 | D:1      | Reached skill level 1 in Fighting
   451 | D:1      | Reached XP level 3. HP: 26/26 MP: 6/6
   751 | D:1      | Learned a level 3 spell: Vampiric Draining
   936 | D:2      | Slain by a bullfrog skeleton

Skill      XL: |  1  2  3 |
---------------+----------+-----
Dodging        | 2 |  2.0
Necromancy     | 5 |  5.0
Fighting       | 1 2 |  2.2
Stealth        | |  2.0
Spellcasting   | |  2.0

Action                   || total
-------------------------++-------
Melee: Dagger            ||    37
 Cast: Necrotize         ||    17
  Use: Scroll            ||     4
 Stab: Sleeping          ||     4
  Eat: Chunk             ||     1
Armor: Robe              ||    11
Dodge: Dodged            ||    35
